Map: Goldenaura LE

Players

Electryc - Winner!

  • Race: Zerg Zerg
  • League: Diamond
  • Spawn Location: 5:00

Cheryl

  • Race: Protoss Protoss
  • League: Platinum
  • Spawn Location: 12:00

VOD

Have the link to the VOD?

Description

Time

  • Played on: July 3, 2024, 2:13 a.m.
  • Length: 9:54
Show
View Real Time Build Order
Export as new Build Order

Electryc Zerg - Winner!

Build Orders: Pool First, Swarm Host 

Get SALT Encoding   

  12  0:19  Spawning Pool  
  11  0:26  Drone  
  11  0:28  Drone  
  13  0:30  Drone  
  14  0:43  Extractor  
  14  0:45  Drone  
  14  0:46  Extractor  
  14  0:48  Drone  
  15  0:58  Overlord  
  16  1:18  Zergling x2  
  16  1:19  Queen  
  16  1:20  Zergling x2  
  19  1:33  Drone  
  20  1:43  Drone  
  21  1:54  Overlord  
  21  1:59  Lair  
  21  2:04  Drone  
  21  2:06  Extractor  
  21  2:26  Drone x2  
  21  2:28  Drone x3  
  26  2:39  Spine Crawler  
  26  2:40  Spine Crawler  
  26  2:42  Spine Crawler  
  26  2:43  Drone  
  24  2:49  Drone  
  26  2:58  Drone x2  
  27  3:07  Infestation Pit  
  26  3:18  Drone  
  27  3:45  Nydus Network  
  27  3:46  Swarm Host  
  27  3:47  Overlord x2  
  27  3:48  Overlord  
  28  4:07  Swarm Host x3  
  37  4:10  Swarm Host  
  40  4:18  Swarm Host  
  43  4:32  Nydus Canal  
  43  4:39  Zergling x4  
  45  4:54  Nydus Canal  
  39  5:22  Drone x3  
  39  5:26  Nydus Canal  
  40  5:45  Swarm Host  
  40  5:47  Overlord x2  
  40  5:48  Overlord  
  43  5:53  Hatchery  
  42  6:52  Nydus Canal  
  42  6:53  Swarm Host x6  
  57  6:55  Zergling x2  
  57  6:56  Zergling x2  
  62  7:05  Hatchery, Queen  
  63  7:11  Nydus Canal  
  63  7:40  Nydus Canal  
  63  7:41  Queen  
  65  8:08  Nydus Canal  
  65  8:11  Drone x3  
  68  8:16  Queen  
  70  8:20  Queen  
  72  8:28  Overlord x4  
  72  9:04  Drone x13  
  85  9:10  Spire  
  85  9:14  Nydus Canal  
  84  9:18  Zergling x2  
  83  9:44  Spore Crawler x2  
  83  9:45  Spore Crawler  
  77  9:47  Spore Crawler  
  77  9:48  Spore Crawler  
  77  9:50  Spore Crawler  
Show
View Real Time Build Order
Export as new Build Order

Cheryl Protoss 

Build Orders:  

Get SALT Encoding   

  12  0:00  Probe  
  13  0:12  Probe  
  14  0:19  Pylon  
  14  0:24  Probe  
  15  0:37  Probe  
  15  0:39  Gateway  
  16  0:45  Assimilator  
  16  0:52  Probe (Chrono Boost)  
  17  1:02  Probe (Chrono Boost)  
  18  1:07  Probe (Chrono Boost)  
  19  1:19  Probe  
  19  1:20  Pylon  
  20  1:26  Zealot (Chrono Boost)  
  20  1:27  Cybernetics Core  
  20  1:31  Probe  
  23  1:45  Zealot (Chrono Boost)  
  25  1:48  Gateway  
  25  1:52  Probe  
  26  1:55  Assimilator  
  26  2:04  Probe  
  27  2:09  Adept (Chrono Boost)  
  27  2:10  Warp Gate  
  29  2:18  Probe  
  30  2:33  Probe  
  31  2:42  Nexus  
  31  2:48  Pylon  
  31  2:58  Shield Battery  
  31  3:06  Probe  
  31  3:09  Stalker  
  34  3:16  Stargate  
  34  3:36  Probe  
  33  3:54  Probe (Chrono Boost)  
  33  3:55  Probe (Chrono Boost)  
  36  4:03  Adept, Probe (Chrono Boost)  
  36  4:04  Adept  
  36  4:06  Probe (Chrono Boost)  
  41  4:11  Nexus  
  41  4:15  Pylon  
  41  4:21  Probe (Chrono Boost)  
  43  4:25  Oracle (Chrono Boost)  
  43  4:26  Probe (Chrono Boost)  
  47  4:31  Probe (Chrono Boost)  
  47  4:41  Stalker  
  47  4:42  Stalker  
  45  5:01  Probe (Chrono Boost)  
  45  5:04  Probe (Chrono Boost)  
  39  5:21  Void Ray (Chrono Boost)  
  39  5:23  Probe (Chrono Boost)  
  40  5:36  Probe x2  
  40  5:42  Shield Battery  
  42  5:50  Adept x2  
  43  6:01  Probe x2  
  47  6:06  Void Ray (Chrono Boost)  
  43  6:15  Pylon  
  43  6:16  Probe x2, Pylon  
  40  6:38  Probe x2  
  41  6:50  Probe  
  41  6:53  Probe  
  43  7:03  Nexus  
  43  7:13  Probe x2  
  45  7:18  Shield Battery  
  45  7:20  Shield Battery  
  45  7:25  Forge  
  45  7:26  Assimilator  
  45  7:30  Assimilator, Probe x2  
  47  7:42  Probe  
  48  7:47  Gateway  
  48  7:49  Gateway  
  48  7:55  Probe x2  
  50  8:09  Pylon  
  50  8:14  Probe x2  
  50  8:17  Photon Cannon  
  50  8:19  Pylon  
  52  8:22  Pylon  
  52  8:37  Probe x3  
  55  8:56  Probe x2  
  57  9:12  Probe (Chrono Boost)  
  59  9:17  Probe (Chrono Boost), Pylon  
  59  9:21  Probe (Chrono Boost)  
  61  9:25  Nexus, Probe (Chrono Boost)  
  61  9:28  Pylon  
  61  9:30  Pylon  
Tags
 
Composition
Swarm Host
Matchup
PvZ
Opening
Pool First
Spawn Locations
Cross Positions
Add a new tag
Caveats
  • Supply blocks, unpowered buildings, or Contaminate may cause inaccurate times.
  • Supply counts are checked every 10 seconds.